 Dungeon Crawl Stone Soup version 0.30-a0-920-g7493c07aab (webtiles) character file.

Game seed: 12489424969154672124

37 123deadman the Sneak (level 3, -5/29 HPs)
             Began as a Human Delver on Mar 21, 2023.
             Was an Initiate of Vehumet.
             Shot with an arrow by a centaur (8 damage)
             ... on level 5 of the Dungeon.
             The game lasted 00:02:44 (566 turns).

123deadman the Sneak (Human Delver)                  Turns: 566, Time: 00:02:45

Health: -5/29      AC:  5    Str: 14    XL:     3   Next: 60%
Magic:  3/3        EV: 11    Int: 10    God:    Vehumet [......]
Gold:   64         SH:  0    Dex: 14    Spells: 2/2 levels left

rFire   . . .      SeeInvis .    a - +0 hand axe
rCold   . . .      Faith    .    (no shield)
rNeg    . . .      Spirit   .    c - +0 ring mail
rPois   .          Reflect  .    (no helmet)
rElec   .          Rampage  .    (no cloak)
rCorr   .                        (no gloves)
Will    .....                    (no boots)
Stlth   ++                       (no amulet)
HPRegen 0.24/turn                (no ring)
MPRegen 0.08/turn                (no ring)

@: no status effects
A: no striking features
a: Renounce Religion


You were on level 5 of the Dungeon.
You worshipped Vehumet.
Vehumet was noncommittal.
You visited 1 branch of the dungeon, and saw 1 of its levels.

You collected 64 gold pieces.

Inventory:

Hand Weapons
 a - a +0 hand axe (weapon)
Armour
 b - a +0 leather armour
 c - a +0 ring mail (worn)
Wands
 g - a wand of digging (3)
Scrolls
 d - a scroll of magic mapping
 h - a scroll of immolation
 i - a scroll of amnesia {unknown}
Potions
 f - a potion of haste
 j - a potion of degeneration {unknown}


   Skills:
 + Level 3.2 Fighting
 + Level 2.0 Axes
 + Level 0.4 Armour
 + Level 2.1 Dodging
 + Level 5.8 Stealth


You had 2 spell levels left.
You didn't know any spells.
Your spell library was empty.

Dungeon Overview and Level Annotations

Branches:
Dungeon (5/15)
 Temple: D:4-7

Altars:
Vehumet
Xom


Message History

Found a scroll labelled FOAXZI KOMMOAK.
e - a scroll labelled FOAXZI KOMMOAK The centaur shouts!
The centaur unwields a +0 mace.
The centaur wields a +0 shortbow.
The centaur shoots an arrow.
The arrow closely misses you.
The centaur shoots an arrow.
The arrow hits you.
The centaur shoots an arrow.
The arrow hits you!
The centaur shoots an arrow.
The arrow hits you.
The centaur shoots an arrow.
The arrow hits you!
* * * LOW HITPOINT WARNING * * *
As you read the scroll of fog, it crumbles to dust.
The scroll dissolves into smoke.
You see here a hound corpse.
There is an escape hatch in the floor here.
Found a ring mail.
You see here a +0 ring mail.
c - a +0 ring mail You start removing your armour.
You continue taking off your +0 leather armour. x4
You finish taking off your +0 leather armour.
You start putting on your armour.
You continue putting on your +0 ring mail. x5
You finish putting on your +0 ring mail.
As you read the scroll labelled FOAXZI KOMMOAK, it crumbles to dust.
It is a scroll of identify.
h - a scroll of immolation
Found a robe.
HP restored.
You see here a +0 robe.
An ogre comes into view. It is wielding a +0 giant club.
The centaur shouts!
The centaur shoots an arrow.
The arrow barely misses you.
The centaur shoots an arrow.
The arrow hits you!
The centaur shoots an arrow.
The arrow hits you.
You hear a shout!
The centaur shoots an arrow.
The arrow hits you.
The centaur shoots an arrow.
The arrow hits you!
* * * LOW HITPOINT WARNING * * *
The centaur shoots an arrow.
The arrow hits you!
You die...

##.######.###.###...#####
###8.8####.## ##..........[
#.......###c###.##....####.
#.#8.8#.# #..#.###.#.## #.
#.##.##.# #.#.## #.#.# #.
#.......# #.#.# #.#.# #.
#######.# #.#.# #.#.# #.
#.###.#.# #.#.# #.
#.#.@.#.# #.#.# #.
#.#.###.# #.#.# #. #.#.#
#.# #.#># #. #.#.# #.#
#.#.#####. #.#.#
#.####......... #.#.#
#........######
##.#.###.#############
#..<..##.# #.........
#.#.#....# #.###.####


You could see a centaur.

Vanquished Creatures
  A hound (D:5)
  An adder (D:5)
2 creatures vanquished.

Notes
Turn   | Place    | Note
-------+----------+-------------------------------------------
     0 | D:5      | 123deadman the Human Delver began the quest for the Orb.
     0 | D:5      | Reached XP level 1. HP: 18/18 MP: 1/1
    28 | D:5      | Found a shimmering altar of Xom.
    29 | D:5      | Found a radiant altar of Vehumet.
   158 | D:5      | Became a worshipper of Vehumet
   254 | D:5      | Noticed a hound
   258 | D:5      | Noticed a centaur
   288 | D:5      | Reached XP level 2. HP: 24/24 MP: 2/2
   342 | D:5      | Reached XP level 3. HP: 23/29 MP: 3/3
   520 | D:5      | Noticed an ogre
   566 | D:5      | Shot with an arrow by a centaur

Illustrated notes

Levels and vault maps discovered:
D:5:      layout_loops_ring, mainiacjoe_overflow_divided_tiny,
          small_statue_intersection

Action                     || total
---------------------------++-------
  Melee: Hand axe          ||    10
    Use: Scroll            ||     3
 Armour: Leather armour    ||     6
  Dodge: Dodged            ||    10

Table legend: (Time is in decaauts)
 A = Elapsed time spent in this place.
 B = Non-inter-level travel time spent in this place.
 C = Inter-level travel time spent in this place.
 D = Time resting spent in this place.
 E = Time spent auto-exploring this place.
 F = Levels seen in this place.
 G = Mean time per level.
                   A        B        C        D        E       F      G
               +--------+--------+--------+--------+--------+-----+--------+
         Total |    568 |    497 |     71 |      0 |     83 |   1 |  568.0 |
       Dungeon |    568 |    497 |     71 |      0 |     83 |   1 |  568.0 |
               +--------+--------+--------+--------+--------+-----+--------+

Top non-repeatable levels by time:
     D:5: 568 daAuts
